 Dungeon Crawl Stone Soup version 0.19.0-9-gfd783f2 (webtiles) character file.

205 Chiseanne the Ducker (level 5, 0/81 HPs)
             Began as a High Elf Artificer on Nov 7, 2016.
             Succumbed to Crazy Yiuf's poison
             ... on level 3 of the Dungeon.
             The game lasted 00:04:10 (2861 turns).

Chiseanne the Ducker (High Elf Artificer)           Turns: 2861, Time: 00:04:11

Health: 0/81       AC: 22    Str: 16    XL:     5   Next: 52%
Magic:  8/8        EV:  2    Int: 15    God:
Gold:   138        SH:  0    Dex: 16    Spells: 0 memorised, 4 levels left

rFire  . . .     SeeInvis .     l - +0 hand axe (drain)
rCold  . . .     Gourm    .     (armour currently unavailable)
rNeg   + + +     Faith    .     (no shield)
rPois  +         Spirit   .     (helmet currently unavailable)
rElec  .         Reflect  .     (cloak currently unavailable)
rCorr  .         Harm     .     (gloves currently unavailable)
MR     .....     NoTele   +     (boots currently unavailable)
Stlth  ..........               (no amulet)
                                (no ring)
                                (no ring)

@: berserking (expiring), lethally poisoned (0 -> -7), tree-form, slowed,
drained
A: no striking features
a: no special abilities


You were on level 3 of the Dungeon.
You were hungry.
You were a tree.
You visited 1 branch of the dungeon, and saw 3 of its levels.

You collected 138 gold pieces.

Inventory:

Hand Weapons
 l - a +0 hand axe of draining (weapon)
Missiles
 h - 143 stones (quivered)
 i - 51 arrows
 w - 17 poisoned needles
Armour
 a - a +1 chain mail (melded)
Wands
 c - a wand of flame (11/48)
 d - a wand of enslavement (24/24)
 e - a wand of random effects (13/48)
Scrolls
 g - 3 scrolls of teleportation
 k - 4 scrolls of remove curse
Potions
 m - a potion of cancellation
 n - a potion of lignification
 o - 2 potions of flight
 p - a potion of degeneration {unknown}
 u - a potion of haste {unknown}
 v - a potion of curing {unknown}
 z - a potion of magic {unknown}
Comestibles
 b - a slice of pizza
 f - 5 bread rations
 r - a beef jerky
 t - a meat ration


   Skills:
 * Level 3.1(2.8) Fighting
   Level 1.2(0.9) Short Blades
 * Level 2.5(2.2) Armour
 * Level 4.1(3.8) Dodging
 - Level 1.1(0.8) Stealth
 - Level 3.0(2.6) Evocations


You had 4 spell levels left.
You didn't know any spells.

Dungeon Overview and Level Annotations

Branches:
Dungeon (3/15)

Altars:


Message History

You cannot move.
You cannot move.
You cannot move.
You cannot move.
You cannot move.
You cannot move.
You cannot move.
You are too berserk!
You are too berserk!
There is a lethal amount of poison in your body!
There is a lethal amount of poison in your body!
There is a lethal amount of poison in your body!
There is a lethal amount of poison in your body!
There is a lethal amount of poison in your body!
There is a lethal amount of poison in your body!
There is a lethal amount of poison in your body!
You feel a strong urge to attack something.
* * * LOW HITPOINT WARNING * * *
You feel sick.
You die...

.........#
#....#
.........#
#....#
.........#
♣....♣
........###
♣...♣♣
..........#
♣♣.♣♣
#....######
♣.♣♣ #....#
♣♣.♣ .....#
♣.♣♣ .....#
♣♣♣♣ ....##
#)#
....########
...
###........#
#...#
###........#
#..)#
.##......>.#
#####
...........#
#.##.......###
#............#


There were no monsters in sight!

Vanquished Creatures
  An orc priest (D:3)
  Crazy Yiuf (D:3)
  2 adders (D:2)
  4 gnolls (D:3)
  An ooze (D:2)
  2 worms
  9 orcs (D:3)
  7 giant cockroaches
  8 goblins
  4 hobgoblins
  10 jackals (D:2)
  2 ball pythons
  6 bats
  3 frilled lizards (D:1)
  8 kobolds
  5 rats
73 creatures vanquished.

Notes
Turn   | Place    | Note
-------+----------+-------------------------------------------
     0 | D:1      | Chiseanne the High Elf Artificer began the quest for the Orb.
     0 | D:1      | Reached XP level 1. HP: 13/13 MP: 4/4
   542 | D:1      | Reached XP level 2. HP: 12/18 MP: 5/5
  1072 | D:2      | Reached skill level 3 in Dodging
  1072 | D:2      | Reached XP level 3. HP: 11/24 MP: 6/6
  1084 | D:2      | HP: 1/24 [goblin (3)]
  1593 | D:2      | Reached skill level 1 in Armour
  1886 | D:2      | Reached XP level 4. HP: 27/29 MP: 7/7
  2159 | D:3      | Found a runed door.
  2581 | D:3      | Reached skill level 4 in Dodging
  2581 | D:3      | Reached XP level 5. HP: 24/36 MP: 8/8
  2845 | D:3      | Noticed Crazy Yiuf
  2857 | D:3      | Killed Crazy Yiuf
  2858 | D:3      | HP: 2/54 [poisoned by Crazy Yiuf]
  2861 | D:3      | Succumbed to Crazy Yiuf's poison

Skill      XL: |  1  2  3  4  5 |
---------------+----------------+-----
Dodging        | 3 4 |  4.1
Fighting       | 2 3 |  3.1
Armour         | 1 2 |  2.5
Short Blades   | |  1.2
Stealth        | |  1.1
Evocations     | |  3.0

Action                   |  1- 3 |  4- 6 || total
-------------------------+-------+-------++-------
Melee: Hand axe          |   127 |    85 ||   212
       Short sword       |    20 |       ||    20
Evoke: Wand              |     2 |     4 ||     6
  Use: Scroll            |       |     9 ||     9
       Potion            |       |     2 ||     2
 Stab: Sleeping          |     1 |       ||     1
  Eat: Chunk             |     3 |     3 ||     6
Armor: Chain mail        |   125 |    75 ||   200
       Leather armour    |     3 |       ||     3
Dodge: Dodged            |    78 |    44 ||   122
